 Dungeon Crawl Stone Soup version 0.25.1-2-g60ff931df9 (webtiles) character file.

Game seed: 10937154163011881144

3108 tempo the Thaumaturge (level 9, -5/48 HPs)
             Began as a Deep Elf Wizard on Sept 27, 2020.
             Was a Priest of Vehumet.
             Slain by a queen ant (18 damage)
             ... on level 8 of the Dungeon.
             The game lasted 00:21:38 (9490 turns).

tempo the Thaumaturge (Deep Elf Wizard)             Turns: 9490, Time: 00:21:39

Health: -5/48      AC:  7    Str:  4    XL:     9   Next: 60%
Magic:  11/35      EV: 11    Int: 27    God:    Vehumet [***...]
Gold:   435        SH:  0    Dex: 13    Spells: 18/30 levels left

rFire    . . .     SeeInvis .   o - +0 dagger (venom)
rCold    . . .     Gourm    .   (no shield)
rNeg     . . .     Faith    .   u - +0 leather armour
rPois    .         Spirit   .   b - +0 hat
rElec    .         Reflect  .   (no cloak)
rCorr    .         Harm     .   a - +0 pair of gloves
MR       .....                  e - +2 pair of boots
Stlth    ++........             (no amulet)
HPRegen  0.16/turn              M - ring of magical power
MPRegen  0.24/turn              (no ring)

@: no status effects
A: no striking features
a: Renounce Religion


You were on level 8 of the Dungeon.
You worshipped Vehumet.
Vehumet was most pleased with you.
You were not hungry.

You visited 1 branch of the dungeon, and saw 8 of its levels.

You collected 539 gold pieces.
You spent 104 gold pieces at shops.

Inventory:

Hand Weapons
 o - a +0 dagger of venom (weapon)
Missiles
 l - 38 poisoned darts (quivered)
Armour
 a - a +0 pair of gloves (worn)
 b - a +0 hat (worn)
 e - a +2 pair of boots (worn)
 u - a +0 leather armour (worn)
 E - a +2 tower shield
Jewellery
 C - an uncursed ring of ice
 M - a ring of magical power (left hand)
Wands
 y - a wand of acid (4)
 F - a wand of disintegration (20)
 I - a wand of flame (9)
 K - a wand of digging (2)
Scrolls
 c - 5 scrolls of teleportation {unknown}
 g - a scroll of magic mapping {unknown}
 k - 3 scrolls of immolation {unknown}
 m - 6 scrolls of identify {unknown}
 q - 2 scrolls of enchant weapon {unknown}
 r - 3 scrolls of random uselessness {unknown}
 t - 6 scrolls of remove curse {unknown}
 v - 2 scrolls of amnesia {unknown}
 x - 4 scrolls of fear {unknown}
 A - 3 scrolls of fog {unknown}
 H - a scroll of enchant armour {unknown}
 L - a scroll of noise {unknown}
Potions
 f - a potion of berserk rage {unknown}
 h - a potion of brilliance {unknown}
 i - 5 potions of curing
 j - 2 potions of lignification {unknown}
 n - 3 potions of haste {unknown}
 p - 2 potions of might {unknown}
 s - a potion of mutation {unknown}
 w - 5 potions of flight {unknown}
 z - a potion of experience {unknown}
 B - a potion of ambrosia {unknown}
 D - a potion of stabbing {unknown}
 G - 3 potions of heal wounds
 J - a potion of invisibility {unknown}
Comestibles
 d - 15 rations


   Skills:
 - Level 2.0 Fighting
 - Level 2.0 Armour
 - Level 2.4 Dodging
 - Level 2.4 Stealth
 + Level 3.1 Shields
 * Level 11.1 Spellcasting
 * Level 8.4 Conjurations
 - Level 1.1 Summonings
 - Level 1.1 Translocations
 + Level 4.7 Fire Magic
 - Level 1.4 Air Magic
 - Level 1.1 Poison Magic
 - Level 1.3 Evocations


You had 18 spell levels left.
You knew the following spells:

 Your Spells              Type           Power        Failure   Level  Hunger
a - Magic Dart            Conj           ####         1%          1    None
b - Mephitic Cloud        Conj/Pois/Air  ####....     1%          3    None
c - Call Imp              Summ           ###.....     6%          2    None
d - Blink                 Tloc           N/A          6%          2    None
e - Conjure Flame         Conj/Fire      ######..     1%          3    None
f - Shock                 Conj/Air       ####         1%          1    None

Your spell library contained the following spells:

 Spells                   Type           Power        Failure   Level  Hunger
 Static Discharge         Conj/Air       #####...     1%          3    None
 Searing Ray              Conj           ######       1%          2    None
 Dazzling Flash           Conj/Hex       #####.       1%          3    None
 Iskenderun's Mystic Bla  Conj/Tloc      #####...     2%          4    None
 Fulminant Prism          Conj/Hex       #####.....   3%          4    None
 Summon Small Mammal      Summ           ###.         4%          1    None
 Slow                     Hex            ###.....     10%         2    None
 Call Canine Familiar     Summ           ###.....     13%         3    None
 Summon Guardian Golem    Hex/Summ       ###.....     16%         3    None
 Summon Lightning Spire   Summ/Air       ###.....     36%         4    None
 Summon Ice Beast         Ice/Summ       ###.....     47%         4    None


Dungeon Overview and Level Annotations

Branches:
Dungeon (8/15)             Temple (0/1) D:4
   Lair: D:8-11

Altars:
Ashenzari
Fedhas
Gozag
Okawaru
Ru
Trog
Vehumet
Wu Jian
Zin

Shops:
D:4 !


Message History

The hippogriff appears confused.
Unknown command.
Unknown command.
You hit the hippogriff.
The hippogriff looks as sick as possible!
The hippogriff is moderately wounded.
The queen ant is engulfed in blazing flames.
The queen ant stings you!
* * * LOW HITPOINT WARNING * * *
You are lethally poisoned!
The queen ant poisons you!
The hippogriff is engulfed in blazing flames.
The hippogriff barely misses you. The hippogriff pecks you.
* * * LOW HITPOINT WARNING * * *
The hippogriff claws you.
* * * LOW HITPOINT WARNING * * *
You feel better.
The queen ant is engulfed in blazing flames.
The queen ant stings you!!
You die...

##..###..#
##......#######..# ##.##
#...##.....)...a......#
#..#
#..........a..†......##
##..#
##..#....#..####..#...##
##.## #.###.°.##.##
##....... ...### #.#
#..###[.# #.###.##
..≈≈≈## . #.°#
##.####.#.##.#
#..≈..####. #Ha#
#...###.#..#.
.##....##..# #.@#
#......#...#.
##..#.......###..#
##.###...##.#.
#≈.###..##.......###..#
#.)#.##.# #≈.# .##
#......##..## #...## ##
≈≈.###.##
##..........####.#.#
≈#.##...#
#................#..
≈..##.#.#
#.........####..#..#.
#.##..#.# ##....##..#
##.## # #.##..#.#
#..####..# ##..# O##


You could see a queen ant (very poisoned) and a hippogriff (confused, extremely
poisoned).

Vanquished Creatures
  A hippogriff (D:7)
  4 soldier ants (D:8)
  A water moccasin (D:7)
  An orc warrior (D:7)
  2 phantoms
  4 ogres
  A centaur (D:6)
  2 bullfrogs (D:6)
  5 wights (D:6)
  2 howler monkeys
  6 crimson imps
  A centaur zombie (D:8)
  A quasit (D:8)
  2 hounds
  2 jellies
  2 centaur skeletons
  2 orc priests
  Jessica (D:2)
  An iguana (D:3)
  3 orc wizards
  17 worker ants
  6 gnolls
  4 river rats (D:6)
  9 adders
  2 shadow imps (D:8)
  2 oozes
  An adder zombie (D:5)
  An adder skeleton (D:8)
  6 worms
  2 leopard geckos (D:1)
  24 orcs
  4 bats (D:1)
  8 giant cockroaches
  11 goblins
  6 hobgoblins
  10 jackals
  2 quokkas
  3 frilled lizards
  8 kobolds
  9 rats
  A toadstool (D:4)
180 creatures vanquished.

Vanquished Creatures (collateral kills)
  A soldier ant (D:8)
  A rat (D:1)
2 creatures vanquished.

Vanquished Creatures (others)
  A plant (D:6)
  3 toadstools (D:4)
4 creatures vanquished.

Grand Total: 186 creatures vanquished

Notes
Turn   | Place    | Note
-------+----------+-------------------------------------------
     0 | D:1      | tempo the Deep Elf Wizard began the quest for the Orb.
     0 | D:1      | Reached XP level 1. HP: 10/10 MP: 7/7
     0 | D:1      | Noticed a jelly
     1 | D:1      | Found a runed translucent door.
   362 | D:1      | Reached XP level 2. HP: 16/16 MP: 4/9
   639 | D:1      | Reached skill level 5 in Spellcasting
   831 | D:1      | Reached XP level 3. HP: 20/20 MP: 7/11
   836 | D:1      | Learned a level 3 spell: Mephitic Cloud
   839 | D:1      | Learned a level 2 spell: Call Imp
   842 | D:1      | Learned a level 2 spell: Blink
   846 | D:1      | Learned a level 3 spell: Conjure Flame
  1251 | D:1      | Reached skill level 1 in Fighting
  1251 | D:1      | Reached skill level 1 in Armour
  1251 | D:1      | Reached XP level 4. HP: 11/25 MP: 5/13
  1700 | D:2      | Found an iron altar of Okawaru.
  2046 | D:2      | Noticed Jessica
  2051 | D:2      | Killed Jessica
  2051 | D:2      | Reached skill level 6 in Spellcasting
  2051 | D:2      | Reached XP level 5. HP: 29/29 MP: 6/15
  2405 | D:2      | Found a shattered altar of Ashenzari.
  2405 | D:2      | Found a sacrificial altar of Ru.
  2405 | D:2      | Found an opulent altar of Gozag.
  2405 | D:2      | Found a radiant altar of Vehumet.
  2412 | D:2      | Found a blossoming altar of Fedhas.
  2412 | D:2      | Found a glowing silver altar of Zin.
  2424 | D:2      | Became a worshipper of Vehumet
  2453 | D:2      | Reached skill level 1 in Fire Magic
  2544 | D:2      | Reached skill level 1 in Air Magic
  2659 | D:3      | Noticed an ogre
  2686 | D:3      | Killed an ogre
  2686 | D:3      | Reached skill level 1 in Poison Magic
  2686 | D:3      | Reached XP level 6. HP: 31/34 MP: 7/17
  2772 | D:3      | Reached * piety under Vehumet
  2772 | D:3      | Offered knowledge of Sandblast by Vehumet.
  2969 | D:3      | Reached skill level 7 in Spellcasting
  3881 | D:4      | Found a staircase to the Ecumenical Temple.
  4240 | D:4      | Found Puemun's Distillery.
  4250 | D:4      | Reached skill level 1 in Shields
  4250 | D:4      | Reached XP level 7. HP: 38/38 MP: 12/19
  4291 | D:4      | Bought a potion of curing for 39 gold pieces
  4291 | D:4      | Bought a potion of heal wounds for 65 gold pieces
  4767 | D:5      | Entered Level 5 of the Dungeon
  5307 | D:5      | Reached skill level 5 in Conjurations
  5307 | D:5      | Reached skill level 1 in Evocations
  5468 | D:5      | Reached skill level 8 in Spellcasting
  6311 | D:6      | Reached XP level 8. HP: 41/44 MP: 6/22
  6668 | D:6      | Offered knowledge of Shock by Vehumet.
  6671 | D:6      | Learned a level 1 spell: Shock
  6744 | D:6      | Reached ** piety under Vehumet
  6865 | D:6      | Reached skill level 9 in Spellcasting
  7700 | D:7      | Noticed a hippogriff
  7717 | D:7      | Killed a hippogriff
  7943 | D:7      | Reached skill level 10 in Spellcasting
  7943 | D:7      | Reached XP level 9. HP: 44/48 MP: 18/25
  8098 | D:7      | Found an ornate altar of the Wu Jian Council.
  8294 | D:7      | Found a bloodstained altar of Trog.
  8925 | D:8      | Offered knowledge of Static Discharge by Vehumet.
  8971 | D:8      | Reached *** piety under Vehumet
  8982 | D:8      | HP: 2/48 [poisoned by a worker ant]
  8987 | D:8      | Reached skill level 11 in Spellcasting
  9445 | D:8      | Noticed a queen ant
  9490 | D:8      | Slain by a queen ant

Illustrated notes

Levels and vault maps discovered:
D:1:      dpeg_arrival_caged_fury, layout_loops_ring, grunt_decor_cap,
          st_stairs_12
D:2:      layout_loops_ring, okawaru_altar_gauntlet_db,
          minmay_overflow_temple_hex, uniq_jessica
D:3:      layout_loops_ring
D:4:      layout_basic, minmay_temple_entry_steel_oval, first_ration,
          serial_shops, shop_statue, minmay_gold_behind_fungi
D:5:      layout_layer_cave
D:6:      wad_woods_tower, layout_rooms
D:7:      layout_cave_pools, lemuel_round_altar, nicolae_overflow_crystal_walls,
          grunt_ogre_cave
D:8:      layout_layer_cave, serial_rivers, chequers_serial_rivers_marsh,
          chequers_serial_rivers_small_b, chequers_serial_rivers_small_b,
          chequers_serial_rivers_room_b, chequers_serial_rivers_room_a,
          minmay_another_anthill

Skill      XL: |  1  2  3  4  5  6  7  8  9 |
---------------+----------------------------+-----
Spellcasting   | 5 6 7 8 10 11 | 11.1
Fighting       | 1 2 |  2.0
Armour         | 1 2 |  2.0
Conjurations   | 2 3 4 5 7 8 |  8.4
Fire Magic     | 1 2 3 4 |  4.7
Air Magic      | 1 |  1.4
Poison Magic   | 1 |  1.1
Shields        | 1 2 3 |  3.1
Evocations     | 1 |  1.3
Dodging        | |  2.4
Stealth        | |  2.4
Summonings     | |  1.1
Translocations | |  1.1

Action                   |  1- 3 |  4- 6 |  7- 9 || total
-------------------------+-------+-------+-------++-------
Melee: Unarmed           |    29 |       |       ||    29
       Dagger            |    12 |   107 |    66 ||   185
Throw: Dart              |       |     3 |       ||     3
 Cast: Magic Dart        |    68 |   105 |   260 ||   433
       Conjure Flame     |     1 |     2 |    12 ||    15
       Call Imp          |     1 |       |     2 ||     3
       Mephitic Cloud    |       |     8 |    27 ||    35
       Blink             |       |     2 |     5 ||     7
       Shock             |       |       |    47 ||    47
  Use: Potion            |       |       |     1 ||     1
 Stab: Confused          |       |     1 |     4 ||     5
  Eat: Chunk             |     1 |     9 |    10 ||    20
       Ration            |       |       |     2 ||     2
Armor: Robe              |    18 |    17 |       ||    35
       Leather armour    |       |    24 |    39 ||    63
Dodge: Dodged            |    53 |    72 |    77 ||   202
